 Dungeon Crawl Stone Soup version 0.29.1-4-g47bece8355 (webtiles) character file.

Game seed: 6645973110191830434

31 mester the Caller (level 3, 0/26 HPs)
             Began as a Meteoran Summoner on Dec 1, 2022.
             Slain by an orc
             ... wielding a +0 mace
              (5 damage)
             ... on level 3 of the Dungeon.
             The game lasted 00:07:43 (1311 turns).

mester the Caller (Meteoran Summoner)               Turns: 1311, Time: 00:07:43

Health: 0/26       AC:  2    Str: 10    XL:     3   Next: 61%
Magic:  4/8        EV: 12    Int: 18    God:
Gold:   72         SH:  0    Dex: 14    Spells: 7/8 levels left

rFire   . . .      SeeInvis .   e - +0 dagger
rCold   . . .      Faith    .   (no shield)
rNeg    . . .      Spirit   .   a - +0 robe
rPois   .          Reflect  .   (no helmet)
rElec   .          Harm     .   (no cloak)
rCorr   .          Rampage  .   (no gloves)
Will    .....                   (no boots)
Stlth   +.........              (no amulet)
HPRegen 0.08/turn               (no ring)
MPRegen 0.11/turn               (no ring)

@: glowing
A: sense surroundings 1, otherworldly, glowing, explore regen
a: no special abilities


You were on level 3 of the Dungeon.
You visited 1 branch of the dungeon, and saw 3 of its levels.

You collected 72 gold pieces.

Inventory:

Hand Weapons
 e - a +0 dagger (weapon)
Missiles
 f - 6 stones
Armour
 a - a +0 robe (worn)
Scrolls
 i - a scroll of vulnerability {unknown}
Potions
 b - a potion of magic
 c - a potion of degeneration {unknown}
 d - a potion of curing {unknown}
 g - a potion of flight {unknown}
 h - a potion of might {unknown}


   Skills:
 + Level 0.1 Fighting
 + Level 0.2 Short Blades
 + Level 2.5 Dodging
 + Level 1.4 Stealth
 + Level 0.2 Unarmed Combat
 + Level 3.1 Spellcasting
 + Level 5.7 Summonings


You had 7 spell levels left.
You knew the following spells:

 Your Spells              Type           Power      Damage    Failure   Level
a - Summon Small Mammal   Summ           92%        N/A       1%          1

Your spell library contained the following spells:

 Spells                   Type           Power      Damage    Failure   Level
 Call Imp                 Summ           23%        N/A       2%          2
 Call Canine Familiar     Summ           23%        N/A       4%          3
 Summon Guardian Golem    Hex/Summ       13%        N/A       16%         3
 Summon Lightning Spire   Summ/Air       13%        N/A       45%         4
 Anguish                  Hex/Necr       1%         N/A       85%         4
 Enfeeble                 Hex            1%         N/A       100%        7


Dungeon Overview and Level Annotations

Branches:
Dungeon (3/15) Zot: 490

Altars:


Innate Abilities, Weirdness & Mutations

You passively map a small area around you.
You are easily found by Zot.
You glow in the dark.
You regain HP and MP as you explore.


Message History

A magic dart appears from out of thin air!
The magic dart hits your quokka!
Your quokka dies!
Your quokka's corpse disappears in a puff of smoke!
Casting: Summon Small Mammal (safe; 1% risk of failure)
Confirm with . or Enter, or press ? or * to list all spells.
You hear some strange, mumbled words.
You are confused.
Are you sure you want to stumble around while confused and next to your quokka?
You closely miss your quokka.
Your quokka disappears in a puff of smoke!
You bump into the rock wall.
You hear some strange, mumbled words.
A puff of flame appears from out of thin air!
The puff of flame hits you!
Ouch! That really hurt!
You're too confused to cast spells.
Sorry, you're not good enough to have a special ability.
You bump into the rock wall.
You're too confused to cast spells.
You're too confused to cast spells.
Something hits you.
You feel less confused.
Casting: Summon Small Mammal (safe; 1% risk of failure)
Confirm with . or Enter, or press ? or * to list all spells.
Something hits you but does no damage. Something hits you.
Your rat bites the orc.
Something hits you.
* * * LOW HITPOINT WARNING * * *
Your rat bites the orc but does no damage.
You hear some strange, mumbled words.
Something tries to affect you, but you resist.
The orc throws a boomerang.
The boomerang barely misses you.
Casting: Summon Small Mammal (safe; 1% risk of failure)
Confirm with . or Enter, or press ? or * to list all spells.
The orc throws a boomerang.
The boomerang hits you.
* * * LOW HITPOINT WARNING * * *
The orc attacks as you move away! The orc hits you with a +0 mace.
You die...

.# ######'#.. .# , , ###
######........# .#, , ..#
#.............+ .# ***#.#
#.............# .# #.#
#.....#####+###
.############.# #.....#
...)..g..g..#.### #.....# ,
###########.#...###.....###,
, ,* #go...@........... *, ,
, #..r.o.r...##.#### ,
#..........##.#* * * ,
#.........>.... , ,
#.........###### *
#.........# #.######### ,, ,
#. , ,


You could see 2 orcs, a hobgoblin, a friendly quokka (summoned) and a friendly
rat (summoned).

Vanquished Creatures
  A ball python (D:1)
  A giant cockroach (D:2)
  A kobold (D:3)
  A rat (D:2)
4 creatures vanquished.

Vanquished Creatures (collateral kills)
  An adder (D:3)
  An orc (D:3)
  3 ball pythons
  A bat (D:3)
  2 hobgoblins
  3 kobolds
  2 quokkas
  2 frilled lizards
15 creatures vanquished.

Grand Total: 19 creatures vanquished

Notes
Turn   | Place    | Note
-------+----------+-------------------------------------------
     0 | D:1      | mester the Meteoran Summoner began the quest for the Orb.
     0 | D:1      | Reached XP level 1. HP: 14/14 MP: 5/5
    72 | D:1      | Reached skill level 5 in Summonings
    98 | D:1      | Found a faded altar of an unknown god.
   130 | D:1      | Reached XP level 2. HP: 3/20 MP: 3/6
   500 | D:1      | Glimpsed the power of Zot.
   550 | D:1      | Glimpsed the power of Zot.
  1100 | D:2      | Glimpsed the power of Zot.
  1150 | D:2      | Glimpsed the power of Zot.
  1216 | D:3      | Reached XP level 3. HP: 19/26 MP: 8/8
  1311 | D:3      | Slain by an orc

Illustrated notes

Levels and vault maps discovered:
D:1:      tarquinn_simple_flora_water_e, layout_basic, basic_ecumenical_altar,
          minmay_pentomino_o2
D:2:      layout_basic, basic_altar
D:3:      layout_basic, serial_shops, shop

Skill      XL: |  1  2 |
---------------+-------+-----
Summonings     | 5 |  5.7
Spellcasting   | 3 |  3.1
Fighting       | |  0.1
Short Blades   | |  0.2
Dodging        | |  2.5
Stealth        | |  1.4
Unarmed Combat | |  0.2

Action                   || total
-------------------------++-------
Melee: Unarmed           ||     6
       Dagger            ||    28
 Cast: Summon Small Mamm ||    27
 Stab: Distracted        ||     1
Armor: Robe              ||    20
Dodge: Dodged            ||    41
